 Dungeon Crawl Stone Soup version 0.25-a0-42-g6c54e25894 (webtiles) character file.

Game seed: 16650538649461707039, levelgen mode: deterministic

90 Fingolfin the Skirmisher (level 4, -4/44 HPs)
             Began as a Hill Orc Monk on Oct 22, 2019.
             Killed from afar by Natasha (8 damage)
             ... with a magic dart
             ... on level 2 of the Dungeon.
             The game lasted 00:03:09 (1093 turns).

Fingolfin the Skirmisher (Hill Orc Monk)            Turns: 1093, Time: 00:03:10

Health: -4/44      AC:  6    Str: 14    XL:     4   Next: 56%
Magic:  4/4        EV: 11    Int: 10    God:
Gold:   106        SH:  0    Dex: 13    Spells: 3/3 levels left

rFire    . . .     SeeInvis .   a - +0 hand axe
rCold    . . .     Gourm    .   (no shield)
rNeg     . . .     Faith    .   m - +0 ring mail
rPois    .         Spirit   .   f - +0 helmet
rElec    .         Reflect  .   (no cloak)
rCorr    .         Harm     .   (no gloves)
MR       .....                  (no boots)
Stlth    +.........             (no amulet)
HPRegen  0.14/turn              (no ring)
MPRegen  0.09/turn              (no ring)

@: slowed, very slow
A: no striking features
a: no special abilities


You were on level 2 of the Dungeon.
You were not hungry.

You visited 1 branch of the dungeon, and saw 2 of its levels.

You collected 106 gold pieces.

Inventory:

Hand Weapons
 a - a +0 hand axe (weapon)
Armour
 f - a +0 helmet (worn)
 m - a +0 ring mail (worn)
Jewellery
 p - a cursed -2 ring of intelligence {unknown}
Scrolls
 b - 2 scrolls of noise {unknown}
 c - a scroll of remove curse {unknown}
 e - 2 scrolls of magic mapping {unknown}
 i - a scroll of teleportation {unknown}
 l - a scroll of amnesia {unknown}
Potions
 g - a potion of ambrosia {unknown}
 h - a potion of degeneration {unknown}
 j - 2 potions of haste {unknown}
 n - a potion of mutation {unknown}
 o - a potion of magic {unknown}
Comestibles
 d - 3 rations
 k - a chunk of flesh


   Skills:
 + Level 6.3 Fighting
 - Level 4.0 Axes
 - Level 2.4 Dodging
 - Level 1.5 Stealth


You had 3 spell levels left.
You didn't know any spells.
Your spell library was empty.

Dungeon Overview and Level Annotations

Branches:
Dungeon (2/15)

Altars:

Annotations:
D:2 Natasha


Message History

Natasha is heavily wounded.
Natasha zaps a wand.
The puff of flame hits you! Natasha claws you!
* * * LOW HITPOINT WARNING * * *
You closely miss Natasha.
Natasha is heavily wounded.
Natasha stares at you and mumbles some strange words.
You feel as though you will be slow longer.
Natasha casts a spell at you.
You feel as though you will be slow longer.
You hit Natasha.
Natasha is severely wounded.
Natasha casts a spell.
You hit Natasha.
Natasha is almost dead.
You hit the crimson imp. Natasha claws you.
* * * LOW HITPOINT WARNING * * *
The crimson imp barely misses you. Natasha casts a spell at you.
The magic dart hits you!
You die...

+....!...<#
#######.####..#
#.. #..# ##.#
#..# .. #..#
#.##..# #..#..#
#.#..## #..5@h#
##รท...# #.#..#
#.#..# #....#
##...# #...#
#...# #####
##>.#


You could see Natasha and a crimson imp.

Vanquished Creatures
  Natasha (twice) (D:2)
  2 adders (D:2)
  An ooze (D:2)
  A goblin (D:1)
  4 hobgoblins
  4 jackals (D:2)
  3 bats (D:1)
  3 frilled lizards (D:1)
  A rat (D:2)
21 creatures vanquished.

Notes
Turn   | Place    | Note
-------+----------+-------------------------------------------
     0 | D:1      | Fingolfin the Hill Orc Monk began the quest for the Orb.
     0 | D:1      | Reached XP level 1. HP: 19/19 MP: 1/1
   123 | D:1      | Reached skill level 4 in Fighting
   188 | D:1      | Reached XP level 2. HP: 26/27 MP: 2/2
   409 | D:1      | You fall into a shaft and drop 1 floor!
   500 | D:2      | Reached skill level 5 in Fighting
   500 | D:2      | Reached XP level 3. HP: 28/36 MP: 3/3
   520 | D:2      | Noticed Natasha
   529 | D:2      | Killed Natasha
   922 | D:2      | Reached XP level 4. HP: 36/44 MP: 4/4
   987 | D:2      | Noticed Natasha
  1000 | D:2      | Killed Natasha
  1000 | D:2      | Reached skill level 6 in Fighting
  1066 | D:2      | Noticed Natasha
  1093 | D:2      | Killed from afar by Natasha

Levels and vault maps discovered:
D:1:      dpeg_arrival_rooms_a, layout_basic, eino_curves_03
D:2:      layout_basic, uniq_jessica, uniq_robin, uniq_natasha

Skill      XL: |  1  2  3  4 |
---------------+-------------+-----
Fighting       | 4 5 6 |  6.3
Axes           | |  4.0
Dodging        | |  2.4
Stealth        | |  1.5

Action                   |  1- 3 |  4- 6 || total
-------------------------+-------+-------++-------
Melee: Hand axe          |    95 |    14 ||   109
 Stab: Sleeping          |     3 |       ||     3
  Eat: Chunk             |       |     1 ||     1
Armor: Robe              |     4 |       ||     4
       Leather armour    |     7 |       ||     7
       Ring mail         |    25 |     5 ||    30
Dodge: Dodged            |    53 |     7 ||    60

Table legend:
 A = Non-vault XP
 B = Vault XP
 C = Vault XP percentage of total XP
 D = Non-vault monster count
 E = Vault monster count
 F = Vault count percentage of total count
                 A         B        C        D         E       F
            +---------+---------+-------+---------+---------+-------
      Total |      94 |      35 |  27.1 |      20 |       1 |   4.8
            +---------+---------+-------+---------+---------+-------
        D:1 |      13 |       0 |   0.0 |       9 |       0 |   0.0
        D:2 |      81 |      35 |  30.2 |      11 |       1 |   8.3
            +---------+---------+-------+---------+---------+-------
